AoeStats
← Port Moresby

Fortress

510251967Analyzed
4v4 RM · 2d ago on Sep 30, 2026· 21m 39s· 8 players
Game mode
Random Map
Map size
Huge
Population
200
Speed
Normal
Resources
Standard
Victory
Conquest
Starting age
Dark Age
Ending age
Imperial Age
RankedLock teamsTeams togetherTeam positionsShared explorationLock speedFull tech treeHidden civsTurbo modeCheats
Victory
Defeat
🇨🇳 Huns · China
1233
+13
🇲🇽 Lithuanians · Mexico
1223
+13
🇯🇵 Goths · Japan
1159
+16
🇨🇳 Portuguese · China
1127
+16
🇨🇳 Spanish · China
1189
-16
🇺🇸 Japanese · United States
1175
-15
🇲🇽 Saxons · Mexico
1139
-14
🇨🇳 Khitans · China
1124
-13
kneehao
6:57 Feudal Age
11:49 Castle Age
10:08 Double-Bit Axe
10:32 Horse Collar
16:01 Loom
21:00 Wheelbarrow
DF.FISH
6:34 Loom
9:06 Feudal Age
13:34 Castle Age
12:06 Double-Bit Axe
12:05 Domestication
13:38 Forging
17:57 Wheelbarrow
17:08 Town Watch
19:30 Bow Saw
20:58 Pastoralism
Parcial
7:07 Feudal Age
7:14 Feudal Age
11:29 Castle Age
10:24 Double-Bit Axe
10:22 Horse Collar
12:24 Loom
14:08 Bow Saw
ChungCH1010
7:24 Feudal Age
12:21 Castle Age
11:37 Double-Bit Axe
11:34 Horse Collar
13:24 Heavy Plow
MXTS | Robert Blond
7:56 Feudal Age
12:10 Castle Age
11:00 Double-Bit Axe
13:15 Scale Barding Armor
15:44 Horse Collar
15:52 Loom
16:43 Wheelbarrow
Port Moresby
7:47 Feudal Age
9:45 Wheelbarrow
9:28 Double-Bit Axe
9:26 Horse Collar
12:14 Castle Age
10:58 Scale Mail Armor
11:50 Forging
13:21 Bow Saw
15:42 Gold Mining
17:18 Loom
18:21 Town Watch
19:57 Heavy Plow
21:54 Hand Cart
Nothing...
7:23 Feudal Age
8:04 Double-Bit Axe
8:00 Horse Collar
10:56 Loom
14:19 Castle Age
13:11 Gold Mining
13:57 Fletching
14:31 Bloodlines
15:31 Bow Saw
15:21 Heavy Plow
16:41 Wheelbarrow
16:22 Bodkin Arrow
18:04 Husbandry
19:13 Town Watch
22:05 Ballistics
月夜雪
8:21 Feudal Age
9:00 Double-Bit Axe
8:57 Horse Collar
10:27 Loom
11:08 Loom
14:28 Castle Age
14:10 Gold Mining
19:23 Imperial Age
18:03 Wheelbarrow
17:13 Loom
20:44 Bow Saw
20:35 Heavy Plow
21:40 Conscription
22:08 Hand Cart
Connection lost

Rejoining the realm…

Still unreachable

The connection could not be restored.

Session expired

The server has moved on; the page needs a fresh start.